 Dungeon Crawl Stone Soup version 0.32-a0-933-ga8fa3634e4 (webtiles) character file.

Game seed: 6885966287603665398

23 Meejax the Slasher (level 2, 22/22 HPs)
             Began as a Demonspawn Gladiator on Apr 14, 2024.
             Got out of the dungeon alive.
             The game lasted 00:01:28 (396 turns).

Meejax the Slasher (Demonspawn Gladiator)            Turns: 396, Time: 00:01:29

Health: 22/22      AC:  4    Str: 14    XL:     2   Next: 72%
Magic:  2/2        EV:  6    Int:  8    God:
Gold:   33         SH: 11    Dex: 14    Spells: 1/1 levels left

rFire   . . .        a - +0 long sword
rCold   . . .        f - +0 tower shield
rNeg    . . .        b - +0 leather armour
rPois   .            c - +0 helmet
rElec   .            (no cloak)
rCorr   .            (no gloves)
SInv    .            (no boots)
Will    .....        (no amulet)
Stlth   +            (no ring)
HPRegen 0.23/turn    (no ring)
MPRegen 0.08/turn

%: no passive effects
@: no status effects
A: spiny 1
a: no special abilities


You escaped.
You visited 1 branch of the dungeon, and saw 1 of its levels.

You collected 33 gold pieces.

Inventory:

Hand Weapons
 a - a +0 long sword (weapon)
Missiles
 d - 3 throwing nets (quivered)
 e - a javelin
Armour
 b - a +0 leather armour (worn)
 c - a +0 helmet (worn)
 f - a +0 tower shield (worn)
Scrolls
 g - a scroll of revelation {unknown}
 h - a scroll of poison {unknown}
 j - a scroll of amnesia {unknown}
 k - a scroll of fog {unknown}
 m - a scroll of teleportation {unknown}
Potions
 i - a potion of heal wounds {unknown}
 l - 2 potions of curing {unknown}


   Skills:
 + Level 2.2 Fighting
 + Level 3.1 Long Blades
 + Level 1.9 Throwing
 + Level 0.1 Armour
 + Level 3.0 Dodging


You had one spell level left.
You didn't know any spells.
Your spell library contained the following spells:

 Spells                   Type           Power      Damage    Failure   Level
 Freeze                   Ice            0%         1d3       100%        1
 Frozen Ramparts          Ice            0%         1d1       100%        3
 Hailstorm                Conj/Ice       0%         3d5       100%        3


Dungeon Overview and Level Annotations

Branches:
Dungeon (1/15)

Altars:


Innate Abilities, Weirdness & Mutations

You are partially covered in sharp spines.


Message History

The ball python is struck by your spines.
You kill the ball python!
No target in view!
No target in view!
There is a stone staircase leading down here.
There is a stone staircase leading down here.
A goblin comes into view. It is wielding a +0 dagger.
The goblin shouts!
A goblin is nearby!
The goblin is struck by your spines. The goblin barely misses you.
You barely miss the goblin.
The goblin is severely wounded.
The goblin is struck by your spines.
You kill the goblin!
No target in view!
Things that are here:
a +0 dagger; a goblin corpse A rat comes into view.
A rat is nearby!
The rat squeaks loudly.
You hear an angry hiss.
You see here a scroll labelled EKHLAT MENEARGHU.
You hit the rat.
You kill the rat!
No target in view!
m - a scroll labelled EKHLAT MENEARGHU A ball python comes into view.
Found an inky potion.
The ball python is struck by your spines.
You kill the ball python!
A giant cockroach comes into view.
Found 14 gold pieces and a scroll labelled OJENUI MONUESCH.
You hit the giant cockroach.
The giant cockroach is severely wounded.
You block the giant cockroach's attack.
The giant cockroach bites you but does no damage.
The giant cockroach misses you.
You hit the giant cockroach.
You kill the giant cockroach!
There is a staircase leading out of the dungeon here.
You have escaped!

#...#
#....#..#..รท......
#...#
#..###..##)#####.. #
..#
#........).###.#.. #
..#
#.......##..##.#.. #
.#
###..###.###........
##.....##.###.##.>...
#.P...P.#.........#..
#....................
#...@...####..#####..
#.........# #..# #..
#...P...P.# #..# #..
#.##.....## #..# #..
......#.### ...
#####.... #. ..### #.
##. #. #.


There were no monsters in sight!

Vanquished Creatures
  A dart slug (D:1)
  3 ball pythons (D:1)
  A bat (D:1)
  2 giant cockroaches (D:1)
  4 goblins (D:1)
  2 hobgoblins (D:1)
  A quokka (D:1)
  A kobold (D:1)
  5 rats (D:1)
20 creatures vanquished.

Notes
Turn   | Place    | Note
-------+----------+-------------------------------------------
     0 | D:1      | Meejax the Demonspawn Gladiator began the quest for the
                  | Orb.
     0 | D:1      | Reached XP level 1. HP: 16/16 MP: 1/1
    53 | D:1      | Gained mutation: You are partially covered in sharp spines.
                  | [demonic ancestry]
    53 | D:1      | Reached XP level 2. HP: 21/22 MP: 2/2
   396 | D:$      | Got out of the dungeon alive.

Illustrated notes

Levels and vault maps discovered:
D:1:      dpeg_arrival_orchard, layout_basic

Skill      XL: |  1  2 |
---------------+-------+-----
Long Blades    | 3 |  3.1
Dodging        | 3 |  3.0
Fighting       | |  2.2
Throwing       | |  1.9
Armour         | |  0.1

Action                     || total
---------------------------++-------
  Melee: Long sword        ||    34
 Armour: Leather armour    ||    16
  Dodge: Dodged            ||    15
  Block: Tower shield      ||    12

Table legend: (Time is in decaauts)
 A = Elapsed time spent in this place.
 B = Non-inter-level travel time spent in this place.
 C = Inter-level travel time spent in this place.
 D = Time resting spent in this place.
 E = Time spent auto-exploring this place.
 F = Levels seen in this place.
 G = Mean time per level.
                   A        B        C        D        E       F      G
               +--------+--------+--------+--------+--------+-----+--------+
         Total |    416 |    387 |     29 |      0 |    255 |   1 |  416.0 |
       Dungeon |    416 |    387 |     29 |      0 |    255 |   1 |  416.0 |
               +--------+--------+--------+--------+--------+-----+--------+

Top non-repeatable levels by time:
     D:1: 416 daAuts
